 Dungeon Crawl Stone Soup version 0.20.1-1-g8b1a95d (console) character file.

14 vuolankoinen the Sneak (level 2, -3/19 HPs)
             Began as an Octopode Assassin on Nov 22, 2017.
             Slain by a leopard gecko (5 damage)
             ... on level 1 of the Dungeon.
             The game lasted 00:00:37 (179 turns).

vuolankoinen the Sneak (Octopode Assassin)           Turns: 179, Time: 00:00:38

Health: -3/19      AC:  1    Str: 10    XL:     2   Next: 41%
Magic:  2/2        EV: 13    Int: 13    God:
Gold:   24         SH:  0    Dex: 13    Spells: 1/1 levels left

rFire    . . .     SeeInvis .   a - +2 dagger
rCold    . . .     Gourm    .   (no shield)
rNeg     . . .     Faith    .   (helmet restricted)
rPois    .         Spirit   .   (no amulet)
rElec    .         Reflect  .   (no ring)
rCorr    .         Harm     .   (no ring)
MR       .....                  (no ring)
Stlth    ++++......             (no ring)
Regen    0.1/turn               (no ring)
MPRegen  0.1/turn               (no ring)
                                (no ring)
                                (no ring)

@: no status effects
A: almost no armour, stealthy swim, amphibious, 8 rings, constrict 8, camouflage
1, gelatinous body 1
a: no special abilities


You were on level 1 of the Dungeon.
You were not hungry.

You visited 1 branch of the dungeon, and saw 1 of its levels.

You collected 24 gold pieces.

Inventory:

Hand Weapons
 a - a +2 dagger (weapon)
 b - a +0 blowgun
Missiles
 c - 8 poisoned needles
 d - 2 curare-tipped needles
Scrolls
 g - a scroll of teleportation {unknown}
Potions
 e - 2 potions of ambrosia {unknown}
Comestibles
 f - 2 bread rations


   Skills:
 + Level 2.2 Fighting
 + Level 2.0 Short Blades
 - Level 2.0 Throwing
 + Level 1.1 Dodging
 + Level 6.0 Stealth


You had one spell level left.
You didn't know any spells.

Dungeon Overview and Level Annotations

Branches:
Dungeon (1/15)

Altars:


Innate Abilities, Weirdness & Mutations

You cannot wear most types of armour.
You are very stealthy in the water. (Stealth+)
You are amphibious.
You can wear up to eight rings at the same time.
You can use your tentacles to constrict eight enemies at once.
Your skin changes colour to match your surroundings (Stealth+).
Your rubbery body absorbs attacks. (AC +1, EV +1)


Message History

* * * LOW HITPOINT WARNING * * *
The jackal barely misses you.
You are too injured to fight recklessly!
You are too injured to fight recklessly!
You are too injured to fight recklessly!
Press: ? - help, v - describe, . - travel
Here: a leopard gecko The floor.
You miss the leopard gecko. Your grab misses the leopard gecko.
Your squeeze misses the leopard gecko. The jackal bites you.
* * * LOW HITPOINT WARNING * * *
The leopard gecko bites you.
* * * LOW HITPOINT WARNING * * *
You hit the jackal but do no damage. You grab the jackal.
You squeeze the jackal.
The jackal is heavily wounded.
You constrict the jackal, but do no damage.
The jackal barely misses you. The leopard gecko barely misses you.
You hit the leopard gecko. Your grab misses the leopard gecko.
The leopard gecko is lightly wounded.
You constrict the jackal. The jackal misses you. The leopard gecko bites you.
You die...

.............).###.. ..
...............#... ..
.................# ..##
..^...(.....)..### ......
.................##.##?..
..###..................##
..# #....................
..# #....................
..♣♣♣♣♣..♣♣.##..........(
.♣♣♣<≈♣♣♣≈♣♣.#....?......
♣♣P♣♣≈≈≈♣♣≈♣♣...@.......#
♣≈≈≈♣♣♣♣≈♣♣.♣♣.†hl......#
≈♣♣♣≈≈≈♣♣≈♣♣.♣..........#
≈♣P♣♣♣♣≈♣♣≈♣≈♣...########
≈♣≈≈≈≈♣♣≈♣≈♣≈♣♣..#
≈♣≈♣♣≈P♣≈♣≈♣≈P♣..#
≈♣≈♣P≈♣♣≈♣≈♣≈♣♣...
≈♣≈♣♣≈≈≈♣♣≈♣≈♣##..
≈♣♣≈♣♣♣♣♣≈♣♣≈♣
♣≈♣♣≈≈≈≈≈♣♣≈♣♣
♣♣≈♣♣♣♣♣♣♣≈♣♣


You could see a leopard gecko and a jackal.

Vanquished Creatures
  A leopard gecko (D:1)
  A goblin (D:1)
  3 hobgoblins (D:1)
  3 jackals (D:1)
  A frilled lizard (D:1)
  2 rats (D:1)
11 creatures vanquished.

Notes
Turn   | Place    | Note
-------+----------+-------------------------------------------
     0 | D:1      | vuolankoinen the Octopode Assassin began the quest for the Orb.
     0 | D:1      | Reached XP level 1. HP: 14/14 MP: 1/1
   104 | D:1      | Reached XP level 2. HP: 13/19 MP: 2/2
   175 | D:1      | Reached skill level 6 in Stealth
   179 | D:1      | Slain by a leopard gecko

Skill      XL: |  1  2 |
---------------+-------+-----
Stealth        | 6 |  6.0
Fighting       | |  2.2
Short Blades   | |  2.0
Throwing       | |  2.0
Dodging        | |  1.1

Action                   || total
-------------------------++-------
Melee: Dagger            ||    20
       Tentacles         ||     5
       Constrict         ||     3
 Stab: Sleeping          ||     1
Armor: Skin              ||     1
Dodge: Dodged            ||    16
